 Dungeon Sprint DCSS version 0.21.0-25-ge575cb9 (webtiles) character file.

87985 wojtek the Executioner (level 14, -1/149 HPs)
             Began as a Minotaur Berserker on Jan 23, 2018.
             Was a Priest of Trog.
             Slain by a vampire knight
             ... wielding a +0 great sword
              (6 damage)
             ... in the Dungeon (Sprint III: "The Ten Rune Challenge").
             The game lasted 00:26:27 (10594 turns).

wojtek the Executioner (Minotaur Berserker)        Turns: 10594, Time: 00:26:27

Health: -1/149     AC: 34    Str: 27    XL:     14   Next: 55%
Magic:  13/13      EV: 14    Int:  6    God:    Trog [***...]
Gold:   4928       SH: 20    Dex: 10    Spells: 13/13 levels left

rFire    . . .     SeeInvis .   A - +8 mithril axe "Arga" {speed, MR+}
rCold    + . .     Gourm    .   X - +0 large shield of Servitude {rC+ Int+2} (curse)
rNeg     . . .     Faith    .   I - +9 plate armour {ponderous}
rPois    .         Spirit   .   C - +1 hat
rElec    .         Reflect  .   N - +1 cloak {+Inv}
rCorr    .         Harm     .   Y - +0 pair of gloves
MR       ++...     NoTele   +   (no boots)
Stlth    ..........             (no amulet)
HPRegen  0.34/turn              (no ring)
MPRegen  0.13/turn              (no ring)

@: lethally poisoned (-1 -> -18), berserk cooldown, very slightly contaminated,
slowed, very slow
A: retaliatory headbutt, horns 2
}: 2/10 runes: decaying, serpentine
a: Berserk, Trog's Hand, Burn Spellbooks, Renounce Religion, Evoke Invisibility


You were in the Dungeon.
You worshipped Trog.
Trog was most pleased with you.
You were hungry.

You visited 1 branch You collected 6366 gold pieces.
You spent 1438 gold pieces at shops.

Inventory:

Hand Weapons
 a - a +0 hand axe
 q - a +2 antimagic battleaxe
 s - a +7 antimagic hand axe
 t - a +4 broad axe of draining
 u - a +2 battleaxe of freezing
 w - a +5 battleaxe of chopping
 x - a +4 war axe of flaming
 y - a +3 executioner's axe of freezing
 z - the +3 hand axe of Vefrigh {chop, rPois rN+ Str-3 SInv, unknown}
   (Trog gifted it to you in the Dungeon)

   It inflicts extra damage upon your enemies.
   It affects your strength (-3).
   It protects you from poison.
   It protects you from negative energy.
   It lets you see invisible.
 A - the +8 mithril axe "Arga" (weapon) {speed, MR+}
   (Trog gifted it to you in the Dungeon)

   Attacks with this weapon are significantly faster.
   It affects your resistance to hostile enchantments.
 B - a +1 vampiric battleaxe
 F - the +2 battleaxe "Violliqu" {speed, rN+}
   (Trog gifted it to you in the Dungeon)

   Attacks with this weapon are significantly faster.
   It protects you from negative energy.
 G - a +6 battleaxe of electrocution
 J - a +4 broad axe of flaming
 K - a +4 antimagic broad axe
 L - a +0 antimagic broad axe
 V - a +1 broad axe of freezing
Missiles
 b - 7 throwing nets (quivered)
Armour
 v - a +0 chain mail
 C - a +1 hat (worn)
 H - +0 swamp dragon scales
 I - a +9 plate armour of ponderousness (worn)
 M - a +4 chain mail of cold resistance
 N - a +1 cloak of invisibility (worn)
 W - +0 storm dragon scales
 X - the cursed +0 large shield of Servitude (worn) {rC+ Int+2}
   (You took it off Mennas in the Dungeon)

   It affects your intelligence (+2).
   It protects you from cold.
   It has a curse placed upon it.
 Y - a +0 pair of gloves (worn)
Jewellery
 P - an uncursed ring of magical power {unknown}
Wands
 O - a wand of disintegration (7)
Scrolls
 k - 2 scrolls of torment {unknown}
 l - 5 scrolls of identify
 m - a scroll of remove curse {unknown}
 o - 3 scrolls of immolation {unknown}
Potions
 d - 3 potions of curing
 e - 3 potions of heal wounds
 f - 3 potions of haste
 g - 2 potions of magic
 h - a potion of berserk rage
 j - 5 potions of mutation
 n - 4 potions of flight
 r - a potion of agility {unknown}
 D - 2 potions of resistance
 Q - a potion of degeneration {unknown}
 T - a potion of might
Books
 U - a book of the Earth

   Spells                             Type                      Level
   a - Leda's Liquefaction            Hexes/Earth                  4
   b - Bolt of Magma                  Conjuration/Fire/Earth       5
   c - Statue Form                    Transmutation/Earth          6
   d - Iron Shot                      Conjuration/Earth            6
   e - Shatter                        Earth                        9
   Trog disapproves of the use of such an item.
Miscellaneous
 p - a phantom mirror
 R - a phial of floods
 S - a fan of gales
Comestibles
 c - 12 rations


   Skills:
 + Level 20.4 Fighting
 * Level 26.8 Axes
 + Level 20.3 Armour
 + Level 18.9 Dodging
 + Level 13.3 Shields


You had 13 spell levels left.
You didn't know any spells.

Dungeon Overview and Level Annotations

Branches:
Dungeon (1/1)

Altars:
Cheibriados
Dithmenos
Elyvilon
Fedhas
Gozag
Hepliaklqana
Kikubaaqudgha
Makhleb
Nemelex Xobeh
Okawaru
Qazlal
Ru
Sif Muna
Trog
Uskayaw
Vehumet
Wu Jian
Xom
Yredelemnul
Zin
The Shining One
Beogh
Jiyva
Lugonu

Shops:
D =[!%!:[![%}}

Annotations:
D exclusion: statue, Mara


Innate Abilities, Weirdness & Mutations

You reflexively headbutt those who attack you in melee.
You have a pair of horns on your head.


Message History

You are more poisoned.
You block something's attack. Something bites you but does no damage.
Unknown command.
* * * LOW HITPOINT WARNING * * *
You feel very sick. You block Mara's attack.
You hear some strange, mumbled words.
Something tries to affect you, but you resist.
You block wojtek's illusion's attack. You block Mara's attack.
You slash something! You headbutt something!
You closely miss wojtek's illusion.
* * * LOW HITPOINT WARNING * * *
You feel sick.
You hear some strange, mumbled words.
You block wojtek's illusion's attack.
Unknown command.
You hit something. You headbutt something. You slash wojtek's illusion!
* * * LOW HITPOINT WARNING * * *
You feel sick. Something hits you.
You die...

.'##.#.#.##.#.)##......#...≈≈≈≈#
.#...#..#..##..'.......#...≈≈≈≈#
▓▓▓▓▓▓▓▓▓▓▓▓▓▓▓#(......#.......#
≈........≈≈≈...#.R.....#.......#
≈≈≈≈≈≈≈≈≈≈≈♣♣P.'.......#.......#
♣♣♣♣♣♣♣♣♣♣♣♣♣P.#(......#########
♣♣♣##R########
♣♣♣♣♣♣♣♣♣♣♣♣♣♣♣#.{.R.§§≈≈#
..##≈≈≈≈≈≈..#:§#@@.#.≈≈≈≈#
##.#≈≈≈≈≈...#((#).)#.#§≈≈#
#(##'≈≈≈≈≈####'#####.# ≈≈≈#
#.()#≈≈......§§#.P..O# ≈≈≈≈
##.)#≈..)#######..PRR# ≈≈§
#####...#......#..V..# ≈≈
##......#♣♣♣._.#..)..# ≈
##'###### #####§##### ##.♣♣
#@....+


You could see 3 Maras and wojtek's illusion.

Vanquished Creatures
  Mennas (D)
  Boris (D)
  the Lernaean hydra (D)
  Sigmund (D)
  Rupert (D)
  Gastronok (D)
  A storm dragon (D)
  A nagaraja (D)
  A dire elephant (D)
  Erolcha (D)
  A hell beast (D)
  2 anacondas (D)
  2 hydras (D)
  4 death yaks (D)
  Urug (D)
  2 skeletal warriors (D)
  A shadow wraith (D)
  A spriggan druid (D)
  4 golden dragon zombies (D)
  An orange crystal statue (D)
  3 swamp dragons (D)
  A deep elf mage (D)
  A lindwurm (D)
  2 oklob plants (D)
  4 crystal guardians (D)
  A guardian serpent (D)
  7 black mambas (D)
  An elephant (D)
  A statue (D)
  An iron troll simulacrum (D)
  A molten gargoyle (D)
  Edmund (D)
  2 spiny frogs (D)
  A rime drake (D)
  A komodo dragon (D)
  An ice devil (D)
  2 tyrant leeches (D)
  3 hornets (D)
  8 blink frogs (D)
  5 redbacks (D)
  A shadow (D)
  3 wandering mushrooms (D)
  A spatial vortex (D)
  3 water moccasins (D)
  A hydra simulacrum (D)
  3 swamp drakes (D)
  3 fire dragon simulacra (D)
  A necrophage (D)
  5 two-headed ogres (D)
  A water elemental (D)
  15 killer bees (D)
  2 electric eels (D)
  A jelly (D)
  4 orc priests (D)
  A wizard (D)
  A necromancer (D)
  A kobold demonologist (D)
  A wolf simulacrum (D)
  3 humans (D)
  A wolf (D)
  4 adders (D)
  An ooze (D)
  An orc (D)
  3 rats (D)
  5 ballistomycetes (D)
  5 plants (D)
147 creatures vanquished.

Vanquished Creatures (collateral kills)
  Nikola (D)
  Roxanne (D)
  A dire elephant (D)
  A mummy priest (D)
  A naga warrior (D)
  A hell beast (D)
  A hydra (D)
  2 orc high priests (D)
  2 soul eaters (D)
  2 sun demons (D)
  A death drake (D)
  An anaconda zombie (D)
  A spectral iron dragon (D)
  2 orc sorcerers (D)
  An elephant (D)
  3 statues (D)
  An ice devil (D)
  A queen bee (D)
  2 spriggans (D)
  2 nagas (D)
  2 orc warriors (D)
  17 killer bees (D)
  2 electric eels (D)
  2 orc priests (D)
  3 orc wizards (D)
  6 orcs (D)
  2 plants (D)
62 creatures vanquished.

Vanquished Creatures (others)
  2 draconian scorchers (D)
  6 hellions (D)
  3 yaktaurs (D)
  An electric eel (D)
  3 ball lightnings (D)
  5 ballistomycete spores (D)
  16 plants (D)
36 creatures vanquished.

Grand Total: 245 creatures vanquished

Notes
Turn   | Place    | Note
-------+----------+-------------------------------------------
     0 | D        | wojtek the Minotaur Berserker began the quest for the Orb.
     0 | D        | Reached XP level 1. HP: 19/19 MP: 0/0
     6 | D        | Reached skill level 4 in Axes
    62 | D        | Reached ** piety under Trog
    96 | D        | Reached skill level 5 in Axes
    96 | D        | Reached XP level 2. HP: 8/28 MP: 1/1
    99 | D        | Killed a hellion
   102 | D        | Killed a hellion
   109 | D        | Killed a hellion
   155 | D        | Killed a hellion
   155 | D        | Killed a hellion
   156 | D        | Killed a hellion
   194 | D        | Killed a white draconian scorcher
   210 | D        | Killed a white draconian scorcher
   314 | D        | Reached skill level 5 in Fighting
   314 | D        | Reached skill level 6 in Axes
   314 | D        | Reached XP level 3. HP: 25/36 MP: 2/2
   390 | D        | Noticed a water elemental
   395 | D        | Killed a water elemental
   395 | D        | Reached *** piety under Trog
   395 | D        | Reached skill level 7 in Axes
   395 | D        | Reached skill level 5 in Armour
   395 | D        | Reached XP level 4. HP: 38/44 MP: 3/3
   457 | D        | Killed a yaktaur
   503 | D        | Found a radiant altar of Vehumet.
   503 | D        | Found a deep blue altar of Sif Muna.
   503 | D        | Found an ancient bone altar of Kikubaaqudgha.
   503 | D        | Noticed a wizard
   505 | D        | Killed a wizard
   505 | D        | Reached skill level 8 in Axes
   505 | D        | Reached skill level 5 in Dodging
   506 | D        | Reached XP level 5. HP: 51/51 MP: 4/4
   563 | D        | Found a glowing silver altar of Zin.
   564 | D        | Found a glowing golden altar of the Shining One.
   564 | D        | Found a white marble altar of Elyvilon.
   564 | D        | Noticed a deep elf mage
   567 | D        | Reached **** piety under Trog
   569 | D        | Noticed a fire elemental
   569 | D        | Killed a deep elf mage
   569 | D        | Received a gift from Trog
   569 | D        | Reached skill level 11 in Axes
   569 | D        | Reached XP level 6. HP: 18/63 MP: 5/5
   569 | D        | Reached XP level 7. HP: 20/70 MP: 6/6
   852 | D        | Found a hide-covered altar of Uskayaw.
   852 | D        | Found a roughly hewn altar of Beogh.
   852 | D        | Found an iron altar of Okawaru.
   852 | D        | Found a bloodstained altar of Trog.
   852 | D        | Found an ornate altar of the Wu Jian Council.
   852 | D        | Noticed a human
   853 | D        | Noticed a human
   856 | D        | Reached ***** piety under Trog
   860 | D        | Killed a human
   860 | D        | Reached skill level 12 in Axes
   878 | D        | Killed a human
   976 | D        | Found a basalt altar of Yredelemnul.
   976 | D        | Found a shadowy altar of Dithmenos.
   976 | D        | Found a sacrificial altar of Ru.
   982 | D        | Reached skill level 13 in Axes
   985 | D        | Received a gift from Trog
   985 | D        | Reached skill level 10 in Fighting
  1296 | D        | Noticed a shadow
  1299 | D        | Killed a shadow
  1299 | D        | Reached XP level 8. HP: 78/78 MP: 2/7
  1331 | D        | Found a blossoming altar of Fedhas.
  1331 | D        | Found a stormy altar of Qazlal.
  1331 | D        | Found a snail-covered altar of Cheibriados.
  1331 | D        | Found a burning altar of Makhleb.
  1331 | D        | Found a shimmering altar of Xom.
  1332 | D        | Found a hazy altar of Hepliaklqana.
  1332 | D        | Found an opulent altar of Gozag.
  1332 | D        | Found a sparkling altar of Nemelex Xobeh.
  1332 | D        | Found a corrupted altar of Lugonu.
  1332 | D        | Found a viscous altar of Jiyva.
  1337 | D        | Reached skill level 10 in Armour
  1550 | D        | HP: 1/118 [two-headed ogre/giant club (21)]
  1555 | D        | Reached skill level 14 in Axes
  2259 | D        | Noticed a two-headed ogre
  2264 | D        | Killed a two-headed ogre
  2264 | D        | Reached skill level 10 in Dodging
  2289 | D        | Killed a yaktaur
  2364 | D        | Noticed a two-headed ogre
  2364 | D        | Noticed Erolcha
  2372 | D        | Killed Erolcha
  2372 | D        | Reached ****** piety under Trog
  2372 | D        | Reached skill level 15 in Axes
  2372 | D        | Reached XP level 9. HP: 68/89 MP: 2/8
  2375 | D        | Killed a two-headed ogre
  2378 | D        | Reached skill level 16 in Axes
  2579 | D        | Found a roughly hewn altar of Beogh.
  2580 | D        | Noticed an orc sorcerer
  2583 | D        | Killed an orc sorcerer
  2583 | D        | Received a gift from Trog
  2593 | D        | Received a gift from Trog
  2594 | D        | Killed an orc sorcerer
  2603 | D        | Noticed an orc high priest
  2605 | D        | Killed an orc high priest
  2605 | D        | Received a gift from Trog
  2612 | D        | Found Siof Sic's Food Emporium.
  2732 | D        | Reached XP level 10. HP: 72/99 MP: 3/9
  3199 | D        | Reached skill level 17 in Axes
  3204 | D        | Received a gift from Trog
  3223 | D        | Received a gift from Trog
  3413 | D        | Received a gift from Trog
  3706 | D        | Received a gift from Trog
  3755 | D        | Noticed a spiny frog
  3755 | D        | Noticed a spiny frog
  3757 | D        | Killed a spiny frog
  3757 | D        | Reached skill level 18 in Axes
  3762 | D        | Killed a spiny frog
  4026 | D        | Received a gift from Trog
  4027 | D        | Found the +8 mithril axe "Arga" {speed, MR+}
  4135 | D        | Noticed Rupert
  4157 | D        | HP: 5/102 [Rupert/vampiric battleaxe (19)]
  4159 | D        | Killed Rupert
  4159 | D        | Reached skill level 19 in Axes
  4159 | D        | Reached XP level 11. HP: 5/110 MP: 10/10
  4545 | D        | Noticed a dire elephant
  4556 | D        | Killed a dire elephant
  4556 | D        | Received a gift from Trog
  4556 | D        | Reached skill level 15 in Fighting
  4562 | D        | Reached skill level 20 in Axes
  4569 | D        | Noticed Gastronok
  4583 | D        | Noticed a dire elephant
  4594 | D        | Killed Gastronok
  4594 | D        | Reached skill level 15 in Armour
  4602 | D        | Killed a dire elephant
  4739 | D        | Noticed an azure jelly
  4739 | D        | Noticed an azure jelly
  4739 | D        | Noticed an azure jelly
  4739 | D        | Noticed an azure jelly
  4918 | D        | Noticed a death yak
  4919 | D        | Noticed a death yak
  4922 | D        | Noticed a death yak
  4929 | D        | Killed a death yak
  5080 | D        | Noticed a death yak
  5086 | D        | Killed a death yak
  5086 | D        | Reached skill level 21 in Axes
  5090 | D        | Killed a death yak
  5096 | D        | Killed a death yak
  5096 | D        | Reached XP level 12. HP: 110/121 MP: 11/11
  5107 | D        | Received a gift from Trog
  5112 | D        | Got an ichor-stained battleaxe {god gift}
  5113 | D        | Identified the +2 battleaxe "Violliqu" {speed, rN+} (Trog gifted it to you in the Dungeon)
  5148 | D        | Reached skill level 15 in Dodging
  5178 | D        | Noticed an anaconda
  5187 | D        | Killed an anaconda
  5199 | D        | Noticed an anaconda
  5208 | D        | Killed an anaconda
  5208 | D        | Reached skill level 22 in Axes
  5208 | D        | Received a gift from Trog
  5325 | D        | Noticed a naga warrior
  5325 | D        | Noticed a nagaraja
  5340 | D        | Killed a naga warrior
  5340 | D        | Reached skill level 1 in Shields
  5341 | D        | Killed a nagaraja
  5351 | D        | Found Sihuohats's Jewellery Boutique.
  5351 | D        | Found Fynli's Antique Armour Emporium.
  5355 | D        | Found Ehustel's Distillery.
  5374 | D        | Got a serpentine rune of Zot
  5481 | D        | Received a gift from Trog
  5484 | D        | Got a jewelled hand axe {god gift}
  6161 | D        | Noticed Urug
  6167 | D        | Killed Urug
  6167 | D        | Received a gift from Trog
  6192 | D        | Noticed a five-headed hydra
  6192 | D        | Noticed a four-headed hydra
  6200 | D        | Killed a seven-headed hydra
  6200 | D        | Received a gift from Trog
  6200 | D        | Reached skill level 5 in Shields
  6209 | D        | Killed a 12-headed hydra
  6209 | D        | Reached skill level 23 in Axes
  6540 | D        | Found a blossoming altar of Fedhas.
  6583 | D        | Received a gift from Trog
  6747 | D        | Bought a potion of curing for 33 gold pieces
  6939 | D        | Reached XP level 13. HP: 134/134 MP: 12/12
  7148 | D        | Found Ceedaduu's Distillery.
  7148 | D        | Found Ziannack's Book Shop.
  7149 | D        | Found Set Yrop's Antique Armour Shoppe.
  7162 | D        | Bought a potion of curing for 30 gold pieces
  7164 | D        | Bought a glowing plate armour for 520 gold pieces
  7184 | D        | Noticed the 27-headed Lernaean hydra
  7196 | D        | Killed the 27-headed Lernaean hydra
  7196 | D        | Received a gift from Trog
  7203 | D        | Got a decaying rune of Zot
  7222 | D        | Bought a potion of heal wounds for 50 gold pieces
  7356 | D        | Noticed Sigmund
  7356 | D        | Noticed Edmund
  7365 | D        | Killed Sigmund
  7365 | D        | Reached skill level 24 in Axes
  7370 | D        | Killed Edmund
  7546 | D        | Received a gift from Trog
  8053 | D        | Noticed Boris
  8074 | D        | Killed Boris
  8074 | D        | Received a gift from Trog
  8074 | D        | Reached skill level 10 in Shields
  8081 | D        | Reached skill level 25 in Axes
  8517 | D        | Found Ranotodd's Armour Emporium.
  8517 | D        | Found Ustruedet's Gadget Shop.
  8517 | D        | Found Eclem's Food Shop.
  8517 | D        | Found Ixkihote's Gadget Shoppe.
  8523 | D        | Received a gift from Trog
  8568 | D        | Bought a +4 chain mail of cold resistance for 409 gold pieces
  8568 | D        | Bought a +1 cloak of invisibility for 214 gold pieces
  9173 | D        | Noticed a mummy priest
  9184 | D        | Noticed a jiangshi
  9203 | D        | Killed a mummy priest
  9331 | D        | Reached XP level 14. HP: 93/146 MP: 13/13
  9421 | D        | Received a gift from Trog
  9435 | D        | Noticed Roxanne
  9444 | D        | Found Unogimos's Distillery.
  9466 | D        | Killed Roxanne
  9503 | D        | Received a gift from Trog
  9607 | D        | Bought a potion of curing for 42 gold pieces
  9607 | D        | Bought a potion of resistance for 140 gold pieces
  9719 | D        | Noticed a storm dragon
  9731 | D        | Killed a storm dragon
  9731 | D        | Reached skill level 26 in Axes
 10104 | D        | Noticed Nikola
 10113 | D        | Killed Nikola
 10295 | D        | Noticed Mennas
 10344 | D        | Killed Mennas
 10346 | D        | Got a spiked large shield
 10359 | D        | Identified the cursed +0 large shield of Servitude {rC+ Int+2} (You took it off Mennas in the Dungeon)
 10510 | D        | Noticed Mara
 10512 | D        | Noticed a vampire knight
 10514 | D        | Noticed wojtek's illusion
 10592 | D        | HP: 7/149 [poisoned by Mara]
 10594 | D        | Slain by a vampire knight

Skill      XL: |  1  2  3  4  5  6  7  8  9 10 11 12 13 14 |
---------------+-------------------------------------------+-----
Fighting       | 4 5 6 9 10 11 12 14 16 17 19 20 | 20.4
Axes           | 5 6 7 8 11 13 15 16 19 21 23 25 26 | 26.8
Armour         | 3 4 5 8 9 11 12 14 15 17 19 20 | 20.3
Dodging        | 3 4 5 7 9 10 11 13 14 16 17 18 | 18.9
Shields        | 6 11 13 | 13.3

Action                   |  1- 3 |  4- 6 |  7- 9 | 10-12 | 13-15 || total
-------------------------+-------+-------+-------+-------+-------++-------
Melee: Hand axe          |    22 |     4 |    22 |       |       ||    48
       Headbutt          |     4 |       |    15 |    66 |    63 ||   148
       Battleaxe         |       |       |    49 |    38 |       ||    87
       Broad axe         |       |       |       |   191 |   282 ||   473
       Executioner's axe |       |       |       |    17 |       ||    17
Invok: Berserk           |     2 |     1 |     4 |       |     4 ||    11
       Burn Spellbooks   |       |     1 |     1 |       |       ||     2
       Brothers in Arms  |       |       |     1 |     7 |    14 ||    22
  Use: Potion            |       |       |       |     1 |     2 ||     3
       Scroll            |       |       |       |       |     1 ||     1
 Stab: Distracted        |       |       |       |       |     4 ||     4
  Eat: Chunk             |       |     2 |     3 |     9 |     3 ||    17
       Ration            |       |       |     2 |     2 |     5 ||     9
Armor: Animal skin       |     2 |       |     2 |       |       ||     4
       Chain mail        |       |       |     2 |    41 |     3 ||    46
       Plate armour      |       |       |       |       |   133 ||   133
       Storm dragon scal |       |       |       |       |     4 ||     4
Dodge: Dodged            |    13 |     1 |    35 |    89 |    57 ||   195
Block: Large shield      |       |       |       |    28 |   160 ||   188
